Canadiens vs Maple Leafs

Created - 17 mars 2018 at 15:55

Goals
1 2 3 OT1 T
Canadiens 0 2 0 0 2
Maple Leafs 1 1 0 1 3
Shots
1 2 3 OT1 T
Canadiens 13 10 5 3 31
Maple Leafs 18 14 10 1 43

1st period

1. Maple Leafs , Roman Josi 11 (William Nylander 8, Shawn Weller 18) at 15:33 (PP)

Penalties :
Mark Borowiecki (MTL) for Hooking (Minor) at 1:19, Nick Foligno (TOR) for Delaying the game (Minor) at 3:16, Pascal Dupuis (MTL) for Interference (Minor) at 4:12, Tom Walsh (TOR) for Hooking (Minor) at 6:24, Nick Foligno (TOR) for Hooking (Minor) at 8:30, Tomas Surovy (MTL) for Roughing (Minor) at 14:47

2nd period

2. Canadiens , Ryan Malone 6 (Carl Gunnarsson 33, Andrej Meszaros 23) at 7:49
3. Canadiens , T.J. Galiardi 16 (Tomas Surovy 26, Joel Ward 26) at 16:40
4. Maple Leafs , Nick Foligno 15 (Shawn Weller 19, Nazem Kadri 25) at 19:09

Penalties :
Shawn Weller (TOR) for Hooking (Minor) at 10:46

3rd period

No Goal

Penalties :
Andrej Meszaros (MTL) for Hooking (Minor) at 1:55, Pascal Dupuis (MTL) for High sticking (Minor) at 5:25, William Nylander (TOR) for Hooking (Minor) at 9:18, Pascal Dupuis (MTL) for Roughing (Minor) at 9:18, Michael Del Zotto (TOR) for Boarding (Minor) at 16:31

Overtime #1

5. Maple Leafs , Mats Zuccarello 10 (Tanner Pearson 10, Morgan Rielly 18) at 2:24

Penalties :
No Penalty

Goalie Stats

Carey Price (MTL), 40 saves from 43 shots - (0,930), OTL, 32-27-5, 62:25 minutes
Corey Crawford (TOR), 29 saves from 31 shots - (0,935), W, 22-28-4, 62:25 minutes

Players Stats for Canadiens

Player Name              G  A  P  +/- PIM S  H  SB GA TA FO     MP     PP MP  PK MP  
------------------------------------------------------------------------------------
Andrej Meszaros          0  1  1   1  2   1  1  0  0  0  0/0    24:46   5:39   2:59 
Andy Hilbert             0  0  0   1  0   0  0  0  0  0  3/5    13:08   0:00   3:00 
Ben Lovejoy              0  0  0   0  0   1  10 4  0  0  0/0    23:55   3:11   3:55 
Carl Gunnarsson          0  1  1   1  0   1  3  0  0  0  0/0    19:18   5:26   0:00 
Connor McDavid           0  0  0  -1  0   4  1  1  0  0  13/23  28:07   3:11   4:42 
Darren Helm              0  0  0   0  0   0  0  1  0  0  1/4    18:12   4:57   0:00 
Jiri Tlusty              0  0  0  -1  0   2  1  0  0  0  13/20  13:35   4:57   0:00 
Joel Ward                0  1  1   0  0   1  0  0  0  0  0/0    13:00   0:00   0:00 
Jonathan Ericsson        0  0  0   0  0   1  0  0  0  0  0/0    19:22   0:00   3:09 
Mark Borowiecki          0  0  0   0  2   1  1  2  0  0  0/0    13:18   0:00   0:43 
Mark Fraser              0  0  0   0  0   0  0  0  0  0  0/0     0:00   0:00   0:00 
Mark Stuart              0  0  0  -1  0   3  1  1  0  0  0/0    21:44   3:24   4:28 
Pascal Dupuis            0  0  0   0  6   2  3  0  0  0  2/2    15:33   4:56   0:00 
Rene Bourque             0  0  0   0  0   0  1  0  0  0  1/1     9:37   0:00   2:55 
Ryan Malone              1  0  1   1  0   5  0  0  0  0  6/11   10:08   0:00   0:00 
T.J. Galiardi            1  0  1   0  0   6  0  0  0  0  10/21  24:27   3:53   4:37 
Tomas Surovy             0  1  1   0  2   2  4  0  0  0  2/2    17:28   3:53   0:00 
Viktor Stalberg          0  0  0   1  0   1  0  0  0  0  0/1    10:50   0:42   0:00 

Players Stats for Maple Leafs

Player Name              G  A  P  +/- PIM S  H  SB GA TA FO     MP     PP MP  PK MP  
------------------------------------------------------------------------------------
Brandon Rogers           0  0  0   0  0   1  4  3  0  0  0/0    22:18   3:11   4:37 
Brandon Yip              0  0  0   0  0   2  0  2  0  0  0/0     9:46   0:00   0:00 
Chris Phillips           0  0  0   0  0   3  1  0  0  0  0/0    22:59   3:57   3:57 
Mats Zuccarello          1  0  1   0  0   3  0  0  0  0  0/1    12:47   0:00   0:00 
Michael Del Zotto        0  0  0  -1  2   1  4  2  0  0  0/0    15:48   0:00   0:00 
Morgan Rielly            0  1  1   1  0   2  3  1  0  0  0/0    23:37   3:40   4:37 
Nazem Kadri              0  1  1   0  0   1  1  0  0  0  5/15   14:54   3:29   0:00 
Nick Foligno             1  0  1   0  4   5  1  1  0  0  6/8    18:49   3:28   2:57 
Oleg Kvasha              0  0  0   0  0   0  1  0  0  0  0/1    12:41   0:00   4:14 
Riley Armstrong          0  0  0   0  0   1  0  0  0  0  1/1    11:24   0:00   0:00 
Roman Josi               1  0  1   0  0   5  0  0  0  0  0/0    22:36   4:26   3:57 
Sergei Kostitsyn         0  0  0  -1  0   4  0  0  0  0  0/0    11:27   0:00   0:00 
Shawn Weller             0  2  2   0  2   2  4  0  0  0  0/1    15:32   4:08   0:00 
Tanner Pearson           0  1  1   1  0   2  0  0  0  0  0/1    19:40   4:08   4:36 
Tom Walsh                0  0  0  -1  2   1  1  0  0  0  0/0    14:49   0:00   0:16 
Vincent Trocheck         0  0  0  -1  0   3  5  1  0  0  9/20   18:10   3:29   3:50 
William Nylander         0  1  1   0  2   5  1  0  0  0  8/19   15:09   4:08   0:34 
Zach Dalpe               0  0  0   0  0   2  3  1  0  0  10/23  12:49   0:00   1:45 

3 Stars

1 - Ben Lovejoy (MTL)
2 - Carey Price (MTL)
3 - Morgan Rielly (TOR)

Power Play

Canadiens - 0 on 5 Attempt(s) - 0,00%
Maple Leafs - 1 on 5 Attempt(s) - 20,00%

Penalty Kill

Canadiens - 4 on 5 Attempt(s) - 80,00% - Score 0 goal in Penalty Kill
Maple Leafs - 5 on 5 Attempt(s) - 100,00% - Score 0 goal in Penalty Kill

Team Stat

Canadiens - Hits : 26 - Faceoff Wins : 51 - Blocked Shots : 9 - Penalty Minutes : 12
Maple Leafs - Hits : 29 - Faceoff Wins : 39 - Blocked Shots : 11 - Penalty Minutes : 12

Official

Referees : Jake Brenk and Evgeny Romasko
Linesman : Bob St. Lawrence and Pat Richardson

Game Notes

No Game Note

Finance

Level 1 -- Attendance: 6130 (94,31%) -- Ticket Income 704 950 $
Level 2 -- Attendance: 4735 (86,09%) -- Ticket Income 340 920 $
Level 3 -- Attendance: 2324 (92,96%) -- Ticket Income 111 552 $
Level 4 -- Attendance: 4265 (94,78%) -- Ticket Income 132 215 $
Luxury Box -- Attendance: 1670 (74,22%) -- Ticket Income 325 650 $
Game was played at the Air Canada Centre.
Total Attendance: 19124 (90,00%)
Total Ticket Income: 1 615 287 $
Other Income: 791 491 $
Total Income: 2 406 778 $

Canadiens

5 vs 5 Forward 
   Center                   Left Wing                Right Wing               Time % Phy DF OF 
 1 Connor McDavid           Pascal Dupuis            Darren Helm              35     0   3  2  
 2 T.J. Galiardi            Joel Ward                Tomas Surovy             32     0   3  2  
 3 Jiri Tlusty              Rene Bourque             Connor McDavid           27     0   3  2  
 4 Ryan Malone              Viktor Stalberg          Andy Hilbert             6      0   3  2  

5 vs 5 Defense 
   Defense                  Defense                                           Time % Phy DF OF 
 1 Andrej Meszaros          Carl Gunnarsson                                   33     0   3  2  
 2 Ben Lovejoy              Jonathan Ericsson                                 33     0   3  2  
 3 Mark Stuart              Mark Borowiecki                                   33     0   3  2  
 4 Andrej Meszaros          Carl Gunnarsson                                   1      0   1  4  

PowerPlay Forward 
   Center                   Left Wing                Right Wing               Time % Phy DF OF 
 1 Connor McDavid           T.J. Galiardi            Tomas Surovy             55     1   1  3  
 2 Jiri Tlusty              Pascal Dupuis            Darren Helm              45     1   1  3  

PowerPlay Defense
   Defense                  Defense                                           Time % Phy DF OF 
 1 Andrej Meszaros          Carl Gunnarsson                                   55     1   2  2  
 2 Ben Lovejoy              Mark Stuart                                       45     1   2  2  

Penalty Kill 4 Players Forward 
   Center                   Wing                     Time % Phy DF OF 
 1 T.J. Galiardi            Connor McDavid           55     1   4  0  
 2 Andy Hilbert             Rene Bourque             45     1   4  0  

Penalty Kill 4 Players Defense
   Defense                  Defense                  Time % Phy DF OF 
 1 Andrej Meszaros          Mark Stuart              55     0   5  0  
 2 Ben Lovejoy              Jonathan Ericsson        45     0   5  0  

Penalty Kill - 3 Players Forward 
   Forward                                           Time % Phy DF OF 
 1 T.J. Galiardi                                     54     1   4  0  
 2 Andy Hilbert                                      46     1   4  0  

Penalty Kill - 3 Players Defense
   Defense                  Defense                  Time % Phy DF OF 
 1 Andrej Meszaros          Mark Stuart              54     0   5  0  
 2 Ben Lovejoy              Jonathan Ericsson        46     0   5  0  

4 vs 4 Forward 
   Center                   Wing                     Time % Phy DF OF 
 1 Darren Helm              T.J. Galiardi            55     1   1  3  
 2 Connor McDavid           Jiri Tlusty              45     1   1  3  

4 vs 4 Defense
   Defense                  Defense                  Time % Phy DF OF 
 1 Andrej Meszaros          Mark Stuart              55     0   3  2  
 2 Ben Lovejoy              Jonathan Ericsson        45     0   3  2  

Last Minutes Offensive
   Center                   Left Wing                Right Wing               Defense                  Defense                  
   Connor McDavid           Jiri Tlusty              Tomas Surovy             Andrej Meszaros          Carl Gunnarsson          

Last Minutes Defensive
   Center                   Left Wing                Right Wing               Defense                  Defense                  
   T.J. Galiardi            Rene Bourque             Connor McDavid           Mark Stuart              Andrej Meszaros          

Goaltenders
Starting : Carey Price              
Backup : Louis Domingue           

Extra Forwards
Normal : Jiri Tlusty, Darren Helm, Connor McDavid - PP : Connor McDavid, Viktor Stalberg - PK : T.J. Galiardi
Extra Defensemen
Normal : Jonathan Ericsson, Mark Borowiecki, Ben Lovejoy - PP : Carl Gunnarsson - PK : Mark Borowiecki, Ben Lovejoy
Penalty Shots
Jiri Tlusty, T.J. Galiardi, Connor McDavid, Pascal Dupuis, Darren Helm
Custom OT Lines Forwards
Darren Helm, T.J. Galiardi, Connor McDavid, Jiri Tlusty, Tomas Surovy, Pascal Dupuis, Joel Ward, Viktor Stalberg, Ryan Malone, Andy Hilbert
Custom OT Lines Defensemen
Andrej Meszaros, Mark Stuart, Ben Lovejoy, Jonathan Ericsson, Mark Borowiecki

Scratches
Alexander Radulov (Bruised Left Shoulder Injury), Robbie Earl (Broken Left Foot Toe Injury)

Maple Leafs

5 vs 5 Forward 
   Center                   Left Wing                Right Wing               Time % Phy DF OF 
 1 Nazem Kadri              Shawn Weller             Nick Foligno             29     1   1  3  
 2 Vincent Trocheck         Sergei Kostitsyn         Mats Zuccarello          26     1   2  2  
 3 William Nylander         Tanner Pearson           Brandon Yip              25     1   2  2  
 4 Zach Dalpe               Oleg Kvasha              Riley Armstrong          20     1   2  2  

5 vs 5 Defense 
   Defense                  Defense                                           Time % Phy DF OF 
 1 Morgan Rielly            Brandon Rogers                                    34     1   2  2  
 2 Chris Phillips           Roman Josi                                        33     1   2  2  
 3 Michael Del Zotto        Tom Walsh                                         33     1   2  2  
 4 Roman Josi               Morgan Rielly                                     0      1   2  2  

PowerPlay Forward 
   Center                   Left Wing                Right Wing               Time % Phy DF OF 
 1 Vincent Trocheck         Nick Foligno             Nazem Kadri              50     1   1  3  
 2 William Nylander         Shawn Weller             Tanner Pearson           50     1   1  3  

PowerPlay Defense
   Defense                  Defense                                           Time % Phy DF OF 
 1 Morgan Rielly            Roman Josi                                        50     1   1  3  
 2 Brandon Rogers           Chris Phillips                                    50     1   1  3  

Penalty Kill 4 Players Forward 
   Center                   Wing                     Time % Phy DF OF 
 1 Vincent Trocheck         Oleg Kvasha              50     1   3  1  
 2 Nick Foligno             Tanner Pearson           50     1   3  1  

Penalty Kill 4 Players Defense
   Defense                  Defense                  Time % Phy DF OF 
 1 Morgan Rielly            Brandon Rogers           50     1   4  0  
 2 Roman Josi               Chris Phillips           50     1   4  0  

Penalty Kill - 3 Players Forward 
   Forward                                           Time % Phy DF OF 
 1 Nazem Kadri                                       50     0   4  1  
 2 Nick Foligno                                      50     0   4  1  

Penalty Kill - 3 Players Defense
   Defense                  Defense                  Time % Phy DF OF 
 1 Brandon Rogers           Morgan Rielly            50     1   3  1  
 2 Roman Josi               Chris Phillips           50     1   3  1  

4 vs 4 Forward 
   Center                   Wing                     Time % Phy DF OF 
 1 Zach Dalpe               Mats Zuccarello          50     1   2  2  
 2 William Nylander         Riley Armstrong          50     1   2  2  

4 vs 4 Defense
   Defense                  Defense                  Time % Phy DF OF 
 1 Chris Phillips           Morgan Rielly            50     1   2  2  
 2 Brandon Rogers           Roman Josi               50     1   2  2  

Last Minutes Offensive
   Center                   Left Wing                Right Wing               Defense                  Defense                  
   Nazem Kadri              Shawn Weller             Nick Foligno             Chris Phillips           Brandon Rogers           

Last Minutes Defensive
   Center                   Left Wing                Right Wing               Defense                  Defense                  
   Nazem Kadri              Shawn Weller             Nick Foligno             Chris Phillips           Brandon Rogers           

Goaltenders
Starting : Corey Crawford           
Backup : Robert Esche             

Extra Forwards
Normal : Riley Armstrong, Nick Foligno, Nazem Kadri - PP : Nick Foligno, Nazem Kadri - PK : Zach Dalpe
Extra Defensemen
Normal : Roman Josi, Morgan Rielly, Chris Phillips - PP : Roman Josi - PK : Chris Phillips, Roman Josi
Penalty Shots
Riley Armstrong, Shawn Weller, Vincent Trocheck, Nick Foligno, Nazem Kadri
Custom OT Lines Forwards
Zach Dalpe, Riley Armstrong, Tanner Pearson, Mats Zuccarello, Sergei Kostitsyn, Nazem Kadri, Shawn Weller, Vincent Trocheck, William Nylander, Oleg Kvasha
Custom OT Lines Defensemen
Michael Del Zotto, Morgan Rielly, Brandon Rogers, Roman Josi, Chris Phillips

Scratches
Alex Petrovic (Healthy)

% Time on Ice - Canadiens

Lines # - Real PCT - Wanted PCT - Time Play
Normal Forward
1 - 26% - 35% - 10:39
2 - 32% - 32% - 13:00
3 - 17% - 27% - 6:42
4 - 25% - 6% - 10:08
Normal Defense
1 - 34% - 33% - 13:52
2 - 36% - 33% - 14:25
3 - 30% - 33% - 12:12
4 - 0% - 1% - 0:00
PP Forward
1 - 44% - 55% - 3:53
2 - 56% - 45% - 4:57
PP Defense
1 - 58% - 55% - 5:05
2 - 42% - 45% - 3:45
PK Forward
1 - 68% - 55% - 5:13
2 - 32% - 45% - 2:24
PK Defense
1 - 59% - 55% - 4:28
2 - 41% - 45% - 3:09
PK3 Forward
1 - 0% - 54%
2 - 0% - 46%
PK3 Defense
1 - 0% - 54%
2 - 0% - 46%
44 Forward
1 - 50% - 55% - 1:32
2 - 50% - 45% - 1:32
44 Defense
1 - 41% - 55% - 1:16
2 - 59% - 45% - 1:48
Last Minute Offensive  - 0:00
Last Minute Defensive  - 0:00
Total
Forward - 60:00
Defense - 60:00

% Time on Ice - Maple Leafs

Lines # - Real PCT - Wanted PCT - Time Play
Normal Forward
1 - 28% - 29% - 11:25
2 - 27% - 26% - 10:51
3 - 24% - 25% - 9:46
4 - 21% - 20% - 8:27
Normal Defense
1 - 32% - 34% - 12:48
2 - 32% - 33% - 13:07
3 - 36% - 33% - 14:34
4 - 0% - 0% - 0:00
PP Forward
1 - 46% - 50% - 3:29
2 - 54% - 50% - 4:08
PP Defense
1 - 58% - 50% - 4:26
2 - 42% - 50% - 3:11
PK Forward
1 - 48% - 50% - 4:14
2 - 52% - 50% - 4:36
PK Defense
1 - 55% - 50% - 4:53
2 - 45% - 50% - 3:57
PK3 Forward
1 - 0% - 50%
2 - 0% - 50%
PK3 Defense
1 - 0% - 50%
2 - 0% - 50%
44 Forward
1 - 45% - 50% - 1:22
2 - 55% - 50% - 1:42
44 Defense
1 - 64% - 50% - 1:58
2 - 36% - 50% - 1:06
Last Minute Offensive  - 0:00
Last Minute Defensive  - 0:00
Total
Forward - 60:00
Defense - 60:00

Play by Play

1st period


0:01 of 1st period - Connor McDavid wins face-off versus Nazem Kadri in neutral zone.
0:21 of 1st period - Shot by Shawn Weller.
0:21 of 1st period - Deflect By Nick Foligno.
0:21 of 1st period - Shot Misses the Net.
0:35 of 1st period - Shot by Nick Foligno.
0:35 of 1st period - Stopped by Carey Price without a rebound.
0:36 of 1st period - Vincent Trocheck wins face-off versus T.J. Galiardi in Canadiens zone.
0:36 of 1st period - Vincent Trocheck is hit by Ben Lovejoy.
0:55 of 1st period - Mats Zuccarello is hit by Ben Lovejoy and loses puck.
1:10 of 1st period - Shot by Sergei Kostitsyn.
1:10 of 1st period - Stopped by Carey Price without a rebound.
1:11 of 1st period - William Nylander wins face-off versus Jiri Tlusty in Canadiens zone.
1:19 of 1st period - Minor Penalty to Mark Borowiecki for Hooking.
1:20 of 1st period - T.J. Galiardi wins face-off versus William Nylander in Canadiens zone.
1:46 of 1st period - Shot by Roman Josi.
1:46 of 1st period - Shot Misses the Net.
1:48 of 1st period - Shot by Roman Josi.
1:48 of 1st period - Stopped by Carey Price without a rebound.
1:49 of 1st period - Vincent Trocheck wins face-off versus Andy Hilbert in Canadiens zone.
1:54 of 1st period - Shot by Nick Foligno.
1:54 of 1st period - Shot Misses the Net.
2:01 of 1st period - Icing by Nick Foligno.
2:02 of 1st period - Rene Bourque wins face-off versus Vincent Trocheck in Maple Leafs zone.
2:13 of 1st period - Shot by Nick Foligno.
2:13 of 1st period - Shot Misses the Net.
2:19 of 1st period - Shot by Nazem Kadri.
2:19 of 1st period - Shot Misses the Net.
2:21 of 1st period - Shot by Nick Foligno.
2:21 of 1st period - Shot Misses the Net.
2:23 of 1st period - Shot by Chris Phillips.
2:23 of 1st period - Shot Misses the Net.
2:25 of 1st period - Shot by Nick Foligno.
2:25 of 1st period - Deflect By Nazem Kadri.
2:25 of 1st period - Stopped by Carey Price without a rebound.
2:26 of 1st period - William Nylander wins face-off versus T.J. Galiardi in Canadiens zone.
2:49 of 1st period - Shot by Roman Josi.
2:49 of 1st period - Shot Misses the Net.
2:51 of 1st period - Shot by Morgan Rielly.
2:51 of 1st period - Stopped by Carey Price with a rebound.
2:53 of 1st period - Shot by Shawn Weller.
2:53 of 1st period - Shot Misses the Net.
2:55 of 1st period - Shot by Tanner Pearson.
2:55 of 1st period - Shot Misses the Net.
2:57 of 1st period - Shot by Tanner Pearson.
2:57 of 1st period - Shot Misses the Net.
2:59 of 1st period - Shot by Roman Josi.
2:59 of 1st period - Shot Blocked by Mark Stuart.
3:01 of 1st period - Shot by William Nylander.
3:01 of 1st period - Stopped by Carey Price without a rebound.
3:02 of 1st period - Andy Hilbert wins face-off versus Vincent Trocheck in Canadiens zone.
3:02 of 1st period - Jonathan Ericsson is hit by Vincent Trocheck and loses puck.
3:16 of 1st period - Minor Penalty to Nick Foligno for Delaying the game.
3:17 of 1st period - Zach Dalpe wins face-off versus Darren Helm in Maple Leafs zone.
4:12 of 1st period - Minor Penalty to Pascal Dupuis for Interference.
4:13 of 1st period - William Nylander wins face-off versus Connor McDavid in Canadiens zone.
4:13 of 1st period - William Nylander is hit by Ben Lovejoy.
4:23 of 1st period - Shot by William Nylander.
4:23 of 1st period - Shot Blocked by Ben Lovejoy.
4:27 of 1st period - Shot by William Nylander.
4:27 of 1st period - Shot Blocked by Ben Lovejoy.
4:33 of 1st period - Shot by Chris Phillips.
4:33 of 1st period - Stopped by Carey Price without a rebound.
4:34 of 1st period - Darren Helm wins face-off versus Zach Dalpe in Canadiens zone.
4:36 of 1st period - Icing by T.J. Galiardi.
4:37 of 1st period - Zach Dalpe wins face-off versus Darren Helm in Canadiens zone.
4:37 of 1st period - Mats Zuccarello is hit by Ben Lovejoy and loses puck.
4:54 of 1st period - Shot by Zach Dalpe.
4:54 of 1st period - Stopped by Carey Price without a rebound.
4:55 of 1st period - Connor McDavid wins face-off versus William Nylander in Canadiens zone.
5:08 of 1st period - Shot by Connor McDavid.
5:08 of 1st period - Shot Misses the Net.
5:15 of 1st period - Morgan Rielly is hit by Jiri Tlusty and loses puck.
5:35 of 1st period - Shot by Vincent Trocheck.
5:35 of 1st period - Stopped by Carey Price with a rebound.
5:37 of 1st period - Shot by Nick Foligno.
5:37 of 1st period - Stopped by Carey Price without a rebound.
5:38 of 1st period - T.J. Galiardi wins face-off versus William Nylander in Canadiens zone.
5:53 of 1st period - Shot by Mark Stuart.
5:53 of 1st period - Stopped by Corey Crawford without a rebound.
5:54 of 1st period - Andy Hilbert wins face-off versus Vincent Trocheck in Maple Leafs zone.
5:54 of 1st period - Rene Bourque is hit by Morgan Rielly and loses puck.
6:20 of 1st period - Joel Ward is hit by Tom Walsh and loses puck.
6:24 of 1st period - Minor Penalty to Tom Walsh for Hooking.
6:25 of 1st period - Jiri Tlusty wins face-off versus Vincent Trocheck in Maple Leafs zone.
7:46 of 1st period - Shot by Connor McDavid.
7:46 of 1st period - Stopped by Corey Crawford with a rebound.
8:12 of 1st period - Shot by Connor McDavid.
8:12 of 1st period - Shot Misses the Net.
8:20 of 1st period - Shot by Connor McDavid.
8:20 of 1st period - Stopped by Corey Crawford without a rebound.
8:21 of 1st period - Connor McDavid wins face-off versus Nick Foligno in Maple Leafs zone.
8:30 of 1st period - Minor Penalty to Nick Foligno for Hooking.
8:31 of 1st period - Connor McDavid wins face-off versus Zach Dalpe in Maple Leafs zone.
8:32 of 1st period - Shot by Tomas Surovy.
8:32 of 1st period - Shot Blocked by Zach Dalpe.
8:34 of 1st period - Shot by Carl Gunnarsson.
8:34 of 1st period - Stopped by Corey Crawford with a rebound.
8:36 of 1st period - Shot by Andrej Meszaros.
8:36 of 1st period - Stopped by Corey Crawford without a rebound.
8:37 of 1st period - Connor McDavid wins face-off versus Zach Dalpe in Maple Leafs zone.
8:37 of 1st period - Tomas Surovy is hit by Brandon Rogers and loses puck.
9:31 of 1st period - Icing by Pascal Dupuis.
9:32 of 1st period - Jiri Tlusty wins face-off versus Vincent Trocheck in Canadiens zone.
9:32 of 1st period - Jiri Tlusty is hit by Vincent Trocheck.
9:42 of 1st period - Shot by Pascal Dupuis.
9:42 of 1st period - Stopped by Corey Crawford without a rebound.
9:43 of 1st period - Connor McDavid wins face-off versus Zach Dalpe in Maple Leafs zone.
9:44 of 1st period - Shot by Ben Lovejoy.
9:44 of 1st period - Shot Misses the Net.
9:46 of 1st period - Shot by T.J. Galiardi.
9:46 of 1st period - Shot Misses the Net.
9:48 of 1st period - Shot by T.J. Galiardi.
9:48 of 1st period - Stopped by Corey Crawford without a rebound.
9:49 of 1st period - Jiri Tlusty wins face-off versus Zach Dalpe in Maple Leafs zone.
9:50 of 1st period - Shot by Pascal Dupuis.
9:50 of 1st period - Stopped by Corey Crawford without a rebound.
9:51 of 1st period - Jiri Tlusty wins face-off versus Zach Dalpe in Maple Leafs zone.
10:26 of 1st period - Shot by Jiri Tlusty.
10:26 of 1st period - Stopped by Corey Crawford without a rebound.
10:27 of 1st period - Connor McDavid wins face-off versus Zach Dalpe in Maple Leafs zone.
10:40 of 1st period - Shot by Viktor Stalberg.
10:40 of 1st period - Shot Misses the Net.
10:44 of 1st period - Shot by Viktor Stalberg.
10:44 of 1st period - Shot Blocked by Michael Del Zotto.
10:46 of 1st period - Shot by Mark Borowiecki.
10:46 of 1st period - Stopped by Corey Crawford without a rebound.
10:47 of 1st period - T.J. Galiardi wins face-off versus William Nylander in Maple Leafs zone.
10:47 of 1st period - Tomas Surovy is hit by Brandon Rogers and loses puck.
11:29 of 1st period - Shot by Brandon Yip.
11:29 of 1st period - Stopped by Carey Price with a rebound.
11:39 of 1st period - Shot by Mats Zuccarello.
11:39 of 1st period - Stopped by Carey Price with a rebound.
12:03 of 1st period - Shot by Vincent Trocheck.
12:03 of 1st period - Deflect By Sergei Kostitsyn.
12:03 of 1st period - Stopped by Carey Price with a rebound.
12:05 of 1st period - Shot by Mats Zuccarello.
12:05 of 1st period - Shot Misses the Net.
12:07 of 1st period - Shot by Roman Josi.
12:07 of 1st period - Stopped by Carey Price without a rebound.
12:08 of 1st period - Pascal Dupuis wins face-off versus Nazem Kadri in Canadiens zone.
12:08 of 1st period - Pascal Dupuis is hit by Shawn Weller.
12:34 of 1st period - Shot by Nick Foligno.
12:34 of 1st period - Shot Misses the Net.
13:12 of 1st period - Viktor Stalberg is hit by Zach Dalpe.
13:34 of 1st period - Shot by Ryan Malone.
13:34 of 1st period - Stopped by Corey Crawford with a rebound.
13:36 of 1st period - Shot by Viktor Stalberg.
13:36 of 1st period - Stopped by Corey Crawford without a rebound.
13:37 of 1st period - Jiri Tlusty wins face-off versus Vincent Trocheck in Maple Leafs zone.
13:37 of 1st period - Jiri Tlusty is hit by Brandon Rogers.
13:46 of 1st period - Brandon Rogers is hit by Carl Gunnarsson and loses puck.
14:21 of 1st period - Mats Zuccarello is hit by Ben Lovejoy and loses puck.
14:30 of 1st period - Shot by T.J. Galiardi.
14:30 of 1st period - Shot Misses the Net.
14:47 of 1st period - Minor Penalty to Tomas Surovy for Roughing.
14:48 of 1st period - T.J. Galiardi wins face-off versus William Nylander in Canadiens zone.
15:33 of 1st period - Shot by Roman Josi.
15:33 of 1st period - Goal by Roman Josi - Canadiens : 0 - Maple Leafs : 1.
15:34 of 1st period - Ryan Malone wins face-off versus Oleg Kvasha in neutral zone.
15:34 of 1st period - Ryan Malone is hit by Zach Dalpe.
15:47 of 1st period - Shot by Riley Armstrong.
15:47 of 1st period - Shot Blocked by Mark Borowiecki.
15:49 of 1st period - Shot by Michael Del Zotto.
15:49 of 1st period - Stopped by Carey Price with a rebound.
17:28 of 1st period - Shot by Brandon Yip.
17:28 of 1st period - Stopped by Carey Price with a rebound.
17:30 of 1st period - Shot by William Nylander.
17:30 of 1st period - Shot Blocked by Darren Helm.
18:22 of 1st period - Shot by Joel Ward.
18:22 of 1st period - Shot Misses the Net.
18:39 of 1st period - Shot by Tomas Surovy.
18:39 of 1st period - Stopped by Corey Crawford without a rebound.
18:40 of 1st period - Jiri Tlusty wins face-off versus Zach Dalpe in Maple Leafs zone.
18:47 of 1st period - Shot by Jiri Tlusty.
18:47 of 1st period - Shot Misses the Net.
19:21 of 1st period - Mark Borowiecki is hit by Oleg Kvasha and loses puck.
19:50 of 1st period - Vincent Trocheck is hit by Mark Stuart and loses puck.
19:55 of 1st period - Shot by Roman Josi.
19:55 of 1st period - Stopped by Carey Price without a rebound.
19:56 of 1st period - Nazem Kadri wins face-off versus Ryan Malone in Canadiens zone.
Goals for this period are 0 for Canadiens vs 1 for Maple Leafs.
Shots for this period are 13 for Canadiens vs 18 for Maple Leafs.

2nd period


0:01 of 2nd period - Connor McDavid wins face-off versus Nazem Kadri in neutral zone.
0:04 of 2nd period - Nick Foligno is hit by Pascal Dupuis and loses puck.
0:19 of 2nd period - Shot by Nick Foligno.
0:19 of 2nd period - Shot Misses the Net.
2:07 of 2nd period - Michael Del Zotto is hit by Ben Lovejoy and loses puck.
2:15 of 2nd period - Icing by Ben Lovejoy.
2:16 of 2nd period - Vincent Trocheck wins face-off versus Ryan Malone in Canadiens zone.
2:43 of 2nd period - Shot by Vincent Trocheck.
2:43 of 2nd period - Stopped by Carey Price without a rebound.
2:44 of 2nd period - Jiri Tlusty wins face-off versus Zach Dalpe in Canadiens zone.
3:03 of 2nd period - Shot by Riley Armstrong.
3:03 of 2nd period - Shot Misses the Net.
3:52 of 2nd period - Nick Foligno is hit by Andrej Meszaros and loses puck.
4:07 of 2nd period - Shot by Nick Foligno.
4:07 of 2nd period - Shot Misses the Net.
4:09 of 2nd period - Shot by Brandon Rogers.
4:09 of 2nd period - Stopped by Carey Price without a rebound.
4:10 of 2nd period - Ryan Malone wins face-off versus William Nylander in Canadiens zone.
4:10 of 2nd period - Ben Lovejoy is hit by William Nylander and loses puck.
4:32 of 2nd period - Off-side.
4:33 of 2nd period - Vincent Trocheck wins face-off versus Connor McDavid in neutral zone.
4:36 of 2nd period - Mark Borowiecki is hit by Vincent Trocheck and loses puck.
4:49 of 2nd period - Shot by Vincent Trocheck.
4:49 of 2nd period - Shot Misses the Net.
4:51 of 2nd period - Shot by Chris Phillips.
4:51 of 2nd period - Stopped by Carey Price with a rebound.
4:53 of 2nd period - Shot by Chris Phillips.
4:53 of 2nd period - Stopped by Carey Price with a rebound.
4:55 of 2nd period - Shot by Vincent Trocheck.
4:55 of 2nd period - Shot Misses the Net.
5:11 of 2nd period - Shot by Mats Zuccarello.
5:11 of 2nd period - Shot Hit the Post.
5:52 of 2nd period - Shot by Nazem Kadri.
5:52 of 2nd period - Shot Misses the Net.
6:06 of 2nd period - Shot by Nick Foligno.
6:06 of 2nd period - Shot Blocked by Mark Borowiecki.
6:26 of 2nd period - Shot by William Nylander.
6:26 of 2nd period - Stopped by Carey Price without a rebound.
6:27 of 2nd period - T.J. Galiardi wins face-off versus Zach Dalpe in Canadiens zone.
6:35 of 2nd period - Icing by Morgan Rielly.
6:36 of 2nd period - Tomas Surovy wins face-off versus Zach Dalpe in Maple Leafs zone.
6:36 of 2nd period - Tomas Surovy is hit by Brandon Rogers.
6:45 of 2nd period - T.J. Galiardi is hit by Morgan Rielly and loses puck.
7:06 of 2nd period - Riley Armstrong is hit by Tomas Surovy and loses puck.
7:37 of 2nd period - Shot by William Nylander.
7:37 of 2nd period - Shot Misses the Net.
7:39 of 2nd period - Shot by Tanner Pearson.
7:39 of 2nd period - Stopped by Carey Price with a rebound.
7:41 of 2nd period - Shot by Roman Josi.
7:41 of 2nd period - Stopped by Carey Price without a rebound.
7:42 of 2nd period - Ryan Malone wins face-off versus Nazem Kadri in Canadiens zone.
7:49 of 2nd period - Shot by Ryan Malone.
7:49 of 2nd period - Goal by Ryan Malone - Canadiens : 1 - Maple Leafs : 1.
7:50 of 2nd period - Ryan Malone wins face-off versus William Nylander in neutral zone.
8:16 of 2nd period - Icing by Carl Gunnarsson.
8:17 of 2nd period - Ryan Malone wins face-off versus Nazem Kadri in Canadiens zone.
8:17 of 2nd period - Ryan Malone is hit by Shawn Weller.
8:40 of 2nd period - Shot by Ryan Malone.
8:40 of 2nd period - Stopped by Corey Crawford without a rebound.
8:41 of 2nd period - Vincent Trocheck wins face-off versus Jiri Tlusty in Maple Leafs zone.
9:09 of 2nd period - Shot by Jiri Tlusty.
9:09 of 2nd period - Deflect By Connor McDavid.
9:09 of 2nd period - Stopped by Corey Crawford without a rebound.
9:10 of 2nd period - T.J. Galiardi wins face-off versus William Nylander in Maple Leafs zone.
9:20 of 2nd period - Joel Ward is hit by Michael Del Zotto and loses puck.
10:16 of 2nd period - Icing by Jiri Tlusty.
10:17 of 2nd period - Jiri Tlusty wins face-off versus Vincent Trocheck in Canadiens zone.
10:17 of 2nd period - Jiri Tlusty is hit by Vincent Trocheck.
10:33 of 2nd period - Rene Bourque is hit by Vincent Trocheck and loses puck.
10:39 of 2nd period - Icing by Andrej Meszaros.
10:40 of 2nd period - Nazem Kadri wins face-off versus Jiri Tlusty in Canadiens zone.
10:46 of 2nd period - Minor Penalty to Shawn Weller for Hooking.
10:47 of 2nd period - Pascal Dupuis wins face-off versus Nick Foligno in Maple Leafs zone.
10:49 of 2nd period - Darren Helm is hit by Chris Phillips and loses puck.
10:52 of 2nd period - Shot by Ben Lovejoy.
10:52 of 2nd period - Stopped by Corey Crawford without a rebound.
10:53 of 2nd period - Connor McDavid wins face-off versus Vincent Trocheck in Maple Leafs zone.
11:02 of 2nd period - Shot by Carl Gunnarsson.
11:02 of 2nd period - Shot Blocked by Brandon Rogers.
11:04 of 2nd period - Shot by T.J. Galiardi.
11:04 of 2nd period - Stopped by Corey Crawford without a rebound.
11:05 of 2nd period - Nick Foligno wins face-off versus Jiri Tlusty in Maple Leafs zone.
11:14 of 2nd period - Shot by Mark Stuart.
11:14 of 2nd period - Stopped by Corey Crawford without a rebound.
11:15 of 2nd period - Nick Foligno wins face-off versus T.J. Galiardi in Maple Leafs zone.
11:27 of 2nd period - Oleg Kvasha is hit by Tomas Surovy and loses puck.
11:49 of 2nd period - Connor McDavid is hit by Nick Foligno.
12:24 of 2nd period - Shot by Mark Stuart.
12:24 of 2nd period - Stopped by Corey Crawford without a rebound.
12:25 of 2nd period - Jiri Tlusty wins face-off versus Vincent Trocheck in Maple Leafs zone.
13:12 of 2nd period - Shot by Mats Zuccarello.
13:12 of 2nd period - Deflect By Sergei Kostitsyn.
13:12 of 2nd period - Stopped by Carey Price without a rebound.
13:13 of 2nd period - Nazem Kadri wins face-off versus T.J. Galiardi in Canadiens zone.
13:25 of 2nd period - Shot by Tomas Surovy.
13:25 of 2nd period - Deflect By T.J. Galiardi.
13:25 of 2nd period - Shot Misses the Net.
13:27 of 2nd period - Shot by T.J. Galiardi.
13:27 of 2nd period - Stopped by Corey Crawford without a rebound.
13:28 of 2nd period - William Nylander wins face-off versus Connor McDavid in Maple Leafs zone.
13:28 of 2nd period - William Nylander is hit by Pascal Dupuis.
13:33 of 2nd period - Off-side.
13:34 of 2nd period - Nazem Kadri wins face-off versus Connor McDavid in neutral zone.
13:40 of 2nd period - Icing by Shawn Weller.
13:41 of 2nd period - Nazem Kadri wins face-off versus Jiri Tlusty in Maple Leafs zone.
13:57 of 2nd period - Icing by Morgan Rielly.
13:58 of 2nd period - T.J. Galiardi wins face-off versus Nazem Kadri in Maple Leafs zone.
13:59 of 2nd period - Shot by Tomas Surovy.
13:59 of 2nd period - Shot Misses the Net.
14:11 of 2nd period - Shot by Nick Foligno.
14:11 of 2nd period - Shot Blocked by Ben Lovejoy.
14:29 of 2nd period - Shot by Shawn Weller.
14:29 of 2nd period - Shot Misses the Net.
14:31 of 2nd period - Shot by Nick Foligno.
14:31 of 2nd period - Shot Blocked by Ben Lovejoy.
14:33 of 2nd period - Shot by Nick Foligno.
14:33 of 2nd period - Deflect By Shawn Weller.
14:33 of 2nd period - Stopped by Carey Price without a rebound.
14:34 of 2nd period - William Nylander wins face-off versus Connor McDavid in Canadiens zone.
15:15 of 2nd period - William Nylander is hit by Carl Gunnarsson and loses puck.
16:24 of 2nd period - Shot by Tomas Surovy.
16:24 of 2nd period - Shot Misses the Net.
16:26 of 2nd period - Shot by T.J. Galiardi.
16:26 of 2nd period - Shot Blocked by Vincent Trocheck.
16:28 of 2nd period - Shot by Ben Lovejoy.
16:28 of 2nd period - Shot Misses the Net.
16:32 of 2nd period - Shot by T.J. Galiardi.
16:32 of 2nd period - Deflect By Joel Ward.
16:32 of 2nd period - Shot Misses the Net.
16:38 of 2nd period - Shot by Tomas Surovy.
16:38 of 2nd period - Shot Misses the Net.
16:40 of 2nd period - Shot by T.J. Galiardi.
16:40 of 2nd period - Goal by T.J. Galiardi - Canadiens : 2 - Maple Leafs : 1.
16:41 of 2nd period - Connor McDavid wins face-off versus Shawn Weller in neutral zone.
17:20 of 2nd period - Shot by Shawn Weller.
17:20 of 2nd period - Stopped by Carey Price without a rebound.
17:21 of 2nd period - T.J. Galiardi wins face-off versus William Nylander in Canadiens zone.
17:26 of 2nd period - Shot by Tomas Surovy.
17:26 of 2nd period - Shot Blocked by Morgan Rielly.
17:28 of 2nd period - Shot by Joel Ward.
17:28 of 2nd period - Stopped by Corey Crawford without a rebound.
17:29 of 2nd period - T.J. Galiardi wins face-off versus Vincent Trocheck in Maple Leafs zone.
17:57 of 2nd period - Shot by Mats Zuccarello.
17:57 of 2nd period - Deflect By Sergei Kostitsyn.
17:57 of 2nd period - Stopped by Carey Price without a rebound.
17:58 of 2nd period - Connor McDavid wins face-off versus William Nylander in Canadiens zone.
18:11 of 2nd period - Shot by Connor McDavid.
18:11 of 2nd period - Shot Misses the Net.
18:21 of 2nd period - Shot by Brandon Yip.
18:21 of 2nd period - Shot Misses the Net.
18:29 of 2nd period - Shot by Tanner Pearson.
18:29 of 2nd period - Stopped by Carey Price with a rebound.
18:31 of 2nd period - Shot by Chris Phillips.
18:31 of 2nd period - Deflect By William Nylander.
18:31 of 2nd period - Stopped by Carey Price without a rebound.
18:32 of 2nd period - Tomas Surovy wins face-off versus Nazem Kadri in Canadiens zone.
18:50 of 2nd period - Nick Foligno is hit by Ben Lovejoy and loses puck.
19:09 of 2nd period - Shot by Nick Foligno.
19:09 of 2nd period - Goal by Nick Foligno - Canadiens : 2 - Maple Leafs : 2.
19:10 of 2nd period - Zach Dalpe wins face-off versus Jiri Tlusty in neutral zone.
19:10 of 2nd period - Zach Dalpe is hit by Rene Bourque.
19:31 of 2nd period - Tom Walsh is hit by Carl Gunnarsson and loses puck.
19:47 of 2nd period - Icing by Oleg Kvasha.
19:48 of 2nd period - Zach Dalpe wins face-off versus Viktor Stalberg in Maple Leafs zone.
Goals for this period are 2 for Canadiens vs 1 for Maple Leafs.
Shots for this period are 10 for Canadiens vs 14 for Maple Leafs.

3rd period


0:01 of 3rd period - Vincent Trocheck wins face-off versus Connor McDavid in neutral zone.
0:03 of 3rd period - Roman Josi is hit by Ben Lovejoy and loses puck.
0:37 of 3rd period - Shot by Connor McDavid.
0:37 of 3rd period - Shot Misses the Net.
0:44 of 3rd period - Shot by Connor McDavid.
0:44 of 3rd period - Shot Misses the Net.
1:01 of 3rd period - Roman Josi is hit by Tomas Surovy and loses puck.
1:20 of 3rd period - Shot by T.J. Galiardi.
1:20 of 3rd period - Stopped by Corey Crawford without a rebound.
1:21 of 3rd period - Andy Hilbert wins face-off versus William Nylander in Maple Leafs zone.
1:34 of 3rd period - Shot by Ryan Malone.
1:34 of 3rd period - Stopped by Corey Crawford without a rebound.
1:35 of 3rd period - Jiri Tlusty wins face-off versus Nazem Kadri in Maple Leafs zone.
1:53 of 3rd period - Rene Bourque is hit by Nazem Kadri and loses puck.
1:55 of 3rd period - Minor Penalty to Andrej Meszaros for Hooking.
1:56 of 3rd period - William Nylander wins face-off versus T.J. Galiardi in Canadiens zone.
2:04 of 3rd period - Icing by Roman Josi.
2:05 of 3rd period - William Nylander wins face-off versus T.J. Galiardi in Maple Leafs zone.
2:16 of 3rd period - Shot by William Nylander.
2:16 of 3rd period - Stopped by Carey Price without a rebound.
2:17 of 3rd period - Vincent Trocheck wins face-off versus T.J. Galiardi in Canadiens zone.
3:29 of 3rd period - Shot by Shawn Weller.
3:29 of 3rd period - Shot Misses the Net.
3:35 of 3rd period - Shot by Morgan Rielly.
3:35 of 3rd period - Shot Misses the Net.
3:37 of 3rd period - Shot by Morgan Rielly.
3:37 of 3rd period - Shot Misses the Net.
3:39 of 3rd period - Shot by Morgan Rielly.
3:39 of 3rd period - Stopped by Carey Price with a rebound.
3:41 of 3rd period - Shot by Shawn Weller.
3:41 of 3rd period - Shot Misses the Net.
3:43 of 3rd period - Shot by William Nylander.
3:43 of 3rd period - Shot Misses the Net.
3:45 of 3rd period - Shot by Tanner Pearson.
3:45 of 3rd period - Shot Misses the Net.
4:03 of 3rd period - Shot by Ryan Malone.
4:03 of 3rd period - Stopped by Corey Crawford without a rebound.
4:04 of 3rd period - Zach Dalpe wins face-off versus Ryan Malone in Maple Leafs zone.
4:17 of 3rd period - Ryan Malone is hit by Zach Dalpe and loses puck.
4:43 of 3rd period - Shot by Andy Hilbert.
4:43 of 3rd period - Shot Misses the Net.
4:46 of 3rd period - Icing by Riley Armstrong.
4:47 of 3rd period - Zach Dalpe wins face-off versus T.J. Galiardi in Maple Leafs zone.
5:23 of 3rd period - Icing by Michael Del Zotto.
5:24 of 3rd period - Riley Armstrong wins face-off versus Connor McDavid in Maple Leafs zone.
5:24 of 3rd period - Riley Armstrong is hit by Pascal Dupuis.
5:25 of 3rd period - Minor Penalty to Pascal Dupuis for High sticking.
5:26 of 3rd period - Nick Foligno wins face-off versus Andy Hilbert in Canadiens zone.
5:49 of 3rd period - Shot by Vincent Trocheck.
5:49 of 3rd period - Stopped by Carey Price with a rebound.
6:27 of 3rd period - Jonathan Ericsson is hit by Shawn Weller and loses puck.
6:59 of 3rd period - Andrej Meszaros is hit by Shawn Weller and loses puck.
8:22 of 3rd period - Off-side.
8:23 of 3rd period - William Nylander wins face-off versus T.J. Galiardi in neutral zone.
8:57 of 3rd period - Shot by William Nylander.
8:57 of 3rd period - Stopped by Carey Price with a rebound.
9:18 of 3rd period - Minor Penalty to William Nylander for Hooking.
9:18 of 3rd period - Minor Penalty to Pascal Dupuis for Roughing.
9:19 of 3rd period - Zach Dalpe wins face-off versus Connor McDavid in neutral zone.
9:19 of 3rd period - Zach Dalpe is hit by Connor McDavid.
9:22 of 3rd period - Off-side.
9:23 of 3rd period - Zach Dalpe wins face-off versus Connor McDavid in neutral zone.
9:34 of 3rd period - Shot by Zach Dalpe.
9:34 of 3rd period - Stopped by Carey Price without a rebound.
9:35 of 3rd period - Zach Dalpe wins face-off versus Darren Helm in Canadiens zone.
10:36 of 3rd period - Shot by Nick Foligno.
10:36 of 3rd period - Shot Blocked by Connor McDavid.
10:38 of 3rd period - Shot by Nick Foligno.
10:38 of 3rd period - Stopped by Carey Price without a rebound.
10:39 of 3rd period - Nick Foligno wins face-off versus Connor McDavid in Canadiens zone.
10:50 of 3rd period - Shot by Andrej Meszaros.
10:50 of 3rd period - Shot Blocked by Nick Foligno.
11:34 of 3rd period - Shot by Andy Hilbert.
11:34 of 3rd period - Shot Misses the Net.
11:36 of 3rd period - Shot by Andy Hilbert.
11:36 of 3rd period - Shot Misses the Net.
11:38 of 3rd period - Shot by Ryan Malone.
11:38 of 3rd period - Shot Misses the Net.
11:40 of 3rd period - Shot by Jonathan Ericsson.
11:40 of 3rd period - Shot Blocked by Michael Del Zotto.
11:42 of 3rd period - Shot by Jonathan Ericsson.
11:42 of 3rd period - Stopped by Corey Crawford with a rebound.
12:14 of 3rd period - Shot by Pascal Dupuis.
12:14 of 3rd period - Shot Blocked by Brandon Yip.
12:19 of 3rd period - Connor McDavid is hit by Michael Del Zotto and loses puck.
12:22 of 3rd period - Shot by Mark Stuart.
12:22 of 3rd period - Shot Blocked by Brandon Yip.
12:33 of 3rd period - Pascal Dupuis is hit by Michael Del Zotto and loses puck.
12:43 of 3rd period - Michael Del Zotto is hit by Tomas Surovy and loses puck.
13:10 of 3rd period - Shot by Joel Ward.
13:10 of 3rd period - Shot Hit the Post.
13:12 of 3rd period - Shot by Tomas Surovy.
13:12 of 3rd period - Shot Misses the Net.
13:26 of 3rd period - Shot by Nick Foligno.
13:26 of 3rd period - Stopped by Carey Price without a rebound.
13:27 of 3rd period - Vincent Trocheck wins face-off versus Ryan Malone in Canadiens zone.
13:33 of 3rd period - Icing by Andy Hilbert.
13:34 of 3rd period - Vincent Trocheck wins face-off versus Ryan Malone in Canadiens zone.
13:35 of 3rd period - Shot by Mats Zuccarello.
13:35 of 3rd period - Stopped by Carey Price without a rebound.
13:36 of 3rd period - Jiri Tlusty wins face-off versus Nazem Kadri in Canadiens zone.
13:48 of 3rd period - Nick Foligno is hit by Mark Borowiecki.
13:56 of 3rd period - Shot by Nick Foligno.
13:56 of 3rd period - Shot Misses the Net.
14:27 of 3rd period - Morgan Rielly is hit by Ben Lovejoy and loses puck.
14:39 of 3rd period - Off-side.
14:40 of 3rd period - Ryan Malone wins face-off versus Vincent Trocheck in neutral zone.
15:36 of 3rd period - Vincent Trocheck is hit by Ben Lovejoy and loses puck.
16:29 of 3rd period - Connor McDavid is hit by Michael Del Zotto and loses puck.
16:31 of 3rd period - Minor Penalty to Michael Del Zotto for Boarding.
16:32 of 3rd period - Nick Foligno wins face-off versus T.J. Galiardi in Maple Leafs zone.
17:35 of 3rd period - Shot by Jiri Tlusty.
17:35 of 3rd period - Stopped by Corey Crawford without a rebound.
17:36 of 3rd period - Connor McDavid wins face-off versus Zach Dalpe in Maple Leafs zone.
18:20 of 3rd period - Icing by Carl Gunnarsson.
18:21 of 3rd period - Nick Foligno wins face-off versus Jiri Tlusty in Canadiens zone.
19:01 of 3rd period - Shot by Riley Armstrong.
19:01 of 3rd period - Stopped by Carey Price with a rebound.
19:03 of 3rd period - Shot by Michael Del Zotto.
19:03 of 3rd period - Deflect By Riley Armstrong.
19:03 of 3rd period - Shot Misses the Net.
19:05 of 3rd period - Shot by Michael Del Zotto.
19:05 of 3rd period - Shot Misses the Net.
19:07 of 3rd period - Shot by Oleg Kvasha.
19:07 of 3rd period - Shot Misses the Net.
19:09 of 3rd period - Shot by Tom Walsh.
19:09 of 3rd period - Stopped by Carey Price without a rebound.
19:10 of 3rd period - Jiri Tlusty wins face-off versus Nazem Kadri in Canadiens zone.
19:21 of 3rd period - Shot by Rene Bourque.
19:21 of 3rd period - Shot Blocked by Brandon Rogers.
19:23 of 3rd period - Shot by Jiri Tlusty.
19:23 of 3rd period - Shot Misses the Net.
19:38 of 3rd period - Connor McDavid is hit by Morgan Rielly and loses puck.
Goals for this period are 0 for Canadiens vs 0 for Maple Leafs.
Shots for this period are 5 for Canadiens vs 10 for Maple Leafs.

Overtime #1


0:01 of 1st overtime period - T.J. Galiardi wins face-off versus Zach Dalpe in neutral zone.
0:20 of 1st overtime period - Shot by Darren Helm.
0:20 of 1st overtime period - Shot Misses the Net.
1:08 of 1st overtime period - Shot by Connor McDavid.
1:08 of 1st overtime period - Stopped by Corey Crawford without a rebound.
1:09 of 1st overtime period - Connor McDavid wins face-off versus Tanner Pearson in Maple Leafs zone.
1:42 of 1st overtime period - Shot by Tomas Surovy.
1:42 of 1st overtime period - Shot Blocked by Brandon Rogers.
1:44 of 1st overtime period - Shot by Tomas Surovy.
1:44 of 1st overtime period - Stopped by Corey Crawford without a rebound.
1:45 of 1st overtime period - Zach Dalpe wins face-off versus T.J. Galiardi in Maple Leafs zone.
2:00 of 1st overtime period - Shot by Darren Helm.
2:00 of 1st overtime period - Shot Misses the Net.
2:08 of 1st overtime period - Shot by Darren Helm.
2:08 of 1st overtime period - Shot Misses the Net.
2:10 of 1st overtime period - Shot by T.J. Galiardi.
2:10 of 1st overtime period - Stopped by Corey Crawford without a rebound.
2:11 of 1st overtime period - Jiri Tlusty wins face-off versus Mats Zuccarello in Maple Leafs zone.
2:24 of 1st overtime period - Shot by Mats Zuccarello.
2:24 of 1st overtime period - Goal by Mats Zuccarello - Canadiens : 2 - Maple Leafs : 3.
Goals for this period are 0 for Canadiens vs 1 for Maple Leafs.
Shots for this period are 3 for Canadiens vs 1 for Maple Leafs.